AoeStats
← [COBRA] PANCHITO RENE

Migration

506768671Analyzed
1v1 RM · 18d ago on Sep 15, 2026· 39m 47s· 2 players
Game mode
Random Map
Map size
132×132
Population
200
Speed
Normal
Resources
Standard
Victory
Conquest
Starting age
Dark Age
Ending age
Imperial Age
RankedLock teamsTeams togetherTeam positionsShared explorationLock speedFull tech treeHidden civsTurbo modeCheats
Victory
Defeat
🇪🇨 Saracens · Ecuador
1006
+17
🇲🇽 Cumans · Mexico
1030
-17
desoxido64
13:36 Feudal Age
14:24 Double-Bit Axe
21:31 Castle Age
20:06 Fletching
25:45 Loom
26:47 Wheelbarrow
27:55 Bloodlines
28:11 Bow Saw
28:28 Stone Mining
28:32 Gold Mining
29:13 Forging
29:09 Scale Barding Armor
30:29 Hand Cart
31:11 Iron Casting
30:32 Fishing Lines
31:13 Gillnets
33:14 Chain Barding Armor
32:43 Pikeman
34:54 Scale Mail Armor
36:00 Husbandry
36:49 Medium Warships
37:39 Arson
39:45 Squires
[COBRA] PANCHITO RENE
0:27 Loom
14:33 Feudal Age
15:18 Man-at-Arms
16:27 Scale Mail Armor
22:53 Fishing Lines
28:10 Castle Age
34:56 Squires
37:13 Pikeman
Connection lost

Rejoining the realm…

Still unreachable

The connection could not be restored.

Session expired

The server has moved on; the page needs a fresh start.